 Dungeon Crawl Stone Soup version 0.25.0-10-g039870ee82 (webtiles) character file.

Game seed: 18020646511532043805

340579 Flugkiller the Warrior (level 20, -1/144 HPs)
             Began as a Deep Dwarf Fighter on June 23, 2020.
             Was a High Priest of Makhleb.
             Killed from afar by an orb of fire (30 damage)
             ... with a bolt of fire
             ... on level 5 of the Realm of Zot.
             The game lasted 00:23:00 (19417 turns).

Flugkiller the Warrior (Deep Dwarf Fighter)        Turns: 19417, Time: 00:23:01

Health: -1/144     AC: 34    Str: 21    XL:     20   Next: 69%
Magic:  0/0        EV: 14    Int: 15    God:    Makhleb [*****.]
Gold:   1778       SH: 14    Dex: 18    Spells: 19/19 levels left

rFire    + + .     SeeInvis +   G - +6 broad axe (flame)
rCold    + . .     Gourm    .   c - +0 kite shield
rNeg     + + .     Faith    +   N - +6 plate armour {rF+}
rPois    +         Spirit   .   b - +1 helmet {SInv}
rElec    .         Reflect  .   H - +2 cloak
rCorr    +         Harm     .   y - +2 pair of gloves of Timoci {Regen+ rCorr}
MR       ++++.                  M - +0 pair of boots "Litiadgh" {rPois}
Stlth    ..........             v - amulet of faith
HPRegen  0.00/turn              P - ring "Zaoh" {*Drain AC+4 Str-2 Int+8 Dex+10}
MPRegen  0.07/turn              g - ring of the Middle {rF+ rC+ rN+ MR+ Slay-2}

@: lethally poisoned (-1 -> -1), non-regenerating, hasted, lightly drained, very
quick
A: damage resistance, heal wounds, blurry vision 1, clumsy 2, deformed body,
dopey 2, frail 3, low mp 3, negative energy resistance 1, sense surroundings 3,
weak 2, subdued magic 2, no regeneration
}: 3/15 runes: decaying, silver, gossamer
a: Heal Wounds, Minor Destruction, Lesser Servant of Makhleb, Major Destruction,
Greater Servant of Makhleb, Renounce Religion


You were on level 5 of the Realm of Zot.
You worshipped Makhleb.
Makhleb was extremely pleased with you.
You were hungry.

You visited 8 branches of the dungeon, and saw 43 of its levels.
You visited 1 bazaar.
You also visited: Gauntlet and Volcano.

You collected 3077 gold pieces.
You spent 1299 gold pieces at shops.

Inventory:

Hand Weapons
 G - a +6 broad axe of flaming (weapon)
   (You acquired it on level 11 of the Dungeon)
Missiles
 u - 3 throwing nets (quivered)
Armour
 b - a +1 helmet of see invisible (worn)
   (You bought it in a shop in a bazaar)
 c - a +0 kite shield (worn)
 y - the +2 pair of gloves of Timoci (worn) {Regen+ rCorr}
   (You found it in a Gauntlet)

   It increases your rate of regeneration.
   It provides partial protection from all sources of acid and corrosion.
 H - a +2 cloak (worn)
   (You took it off a red draconian in a volcano)
 M - the +0 pair of boots "Litiadgh" (worn) {rPois}
   (You acquired it on level 5 of the Vaults)

   It protects you from poison.
 N - a +6 plate armour of fire resistance (worn)
   (You found it in a volcano)
Jewellery
 f - an uncursed ring of protection from fire
   (You found it on level 4 of the Dungeon)
 g - the ring of the Middle (right hand) {rF+ rC+ rN+ MR+ Slay-2}
   (You found it on level 2 of the Spider Nest)

   [ring of protection from magic]

   It affects your accuracy and damage with ranged weapons and melee attacks
   (-2).
   It protects you from fire.
   It protects you from cold.
   It protects you from negative energy.
   It affects your resistance to hostile enchantments.
 m - an uncursed ring of protection from magic
   (You found it on level 10 of the Dungeon)
 v - an amulet of faith (around neck)
   (You found it on level 7 of the Dungeon)
 A - the ring "Cularph" {rPois Dex+6}
   (You found it in a Gauntlet)

   [ring of dexterity]

   It affects your dexterity (+6).
   It protects you from poison.
 P - the ring "Zaoh" (left hand) {*Drain AC+4 Str-2 Int+8 Dex+10}
   (You bought it in a shop on level 2 of the Depths)

   [ring of protection]

   It affects your AC (+4).
   It affects your strength (-2).
   It affects your intelligence (+8).
   It affects your dexterity (+10).
   It causes draining when unequipped.
Wands
 i - a wand of clouds (3)
   (You found it on level 1 of the Depths)
 s - a wand of iceblast (9)
   (You took it off Harold on level 7 of the Dungeon)
 F - a wand of enslavement (19)
   (You found it in a Gauntlet)
 O - a wand of paralysis (9)
   (You found it on level 5 of the Depths)
Scrolls
 l - a scroll of immolation
 o - a scroll of fog
 r - a scroll of identify
 t - 7 scrolls of teleportation
 x - 12 scrolls of remove curse
 z - a scroll of blinking
 L - 4 scrolls of fear
Potions
 a - 3 potions of ambrosia
 j - 2 potions of invisibility
 n - a potion of resistance
 p - 4 potions of magic
 q - 2 potions of curing
 C - 4 potions of flight
 D - 2 potions of cancellation {unknown}
 I - 2 potions of mutation
 K - 2 potions of lignification
Comestibles
 e - 32 rations


   Skills:
 * Level 18.9(18.8) Fighting
 - Level 18.0(17.8) Axes
 + Level 16.5(16.3) Armour
 + Level 12.0(11.8) Dodging
 - Level 15.0(14.8) Shields
 + Level 17.7(17.5) Invocations


You had 19 spell levels left.
You didn't know any spells.
Your spell library was empty.

Dungeon Overview and Level Annotations

Branches:
Dungeon (15/15)            Temple (1/1) D:6            Lair (4/6) D:11
  Swamp (4/4) Lair:4       Spider (4/4) Lair:4          Orc (0/2) D:10
 Vaults (5/5) D:13         Depths (5/5) D:15            Zot (5/5) Depths:5
Volcano (visited)         Gauntlet (visited)
  Crypt: Vaults:2-3

Altars:
Ashenzari
Cheibriados
Dithmenos
Elyvilon
Fedhas
Gozag
Hepliaklqana
Kikubaaqudgha
Makhleb
Nemelex Xobeh
Okawaru
Qazlal
Ru
Sif Muna
Trog
Uskayaw
Vehumet
Wu Jian
Xom
Yredelemnul
Zin
The Shining One

Shops:
D:9 }   Vaults:4 ?   Depths:1 *   Depths:2 }}=

Portals:
Hell: Depths:1 Depths:5

Annotations:
D:8 Prince Ribbit
D:13 1 exclusion
D:14 2 runed translucent doors, Uqorphet's ghost, journeyman DECj


Innate Abilities, Weirdness & Mutations

You are resistant to damage.
You can heal yourself by infusing magical energy.
You resist negative energy. (rN+)
You passively map a large area around you.
You do not regenerate.
Scrolls take you a little longer to read.
You are very clumsy. (Dex -4)
Armour fits poorly on your strangely shaped body.
You are very dopey. (Int -4)
You are extremely frail. (-30% HP)
Your magical capacity is extremely low. (-30% MP)
You are very weak. (Str -4)
Your spells are easier to cast, but less powerful.


Message History

The ancient lich casts a spell at you. The bolt of negative energy hits you.
You partially resist.
You feel drained.
The bolt of negative energy hits the ancient lich.
The ancient lich completely resists.
You completely miss the ancient lich.
The ancient lich is moderately damaged.
You hit the ancient lich but do no damage.
You barely miss the orb of fire. You barely miss the ancient lich.
The ancient lich is moderately damaged.
You hit the orb of fire but do no damage.
Your plate armour prevents you from hitting the ancient lich.
The ancient lich misses you.
You barely miss the ancient lich.
The ancient lich is moderately damaged.
You slice the ancient lich!! You burn the ancient lich.
Your plate armour prevents you from hitting the orb of fire.
The orb of fire glows deep purple.
The bolt of fire hits you!! You resist.
You die...

....## *,...............,,,,*
....# #..................,,*
....## #.......^.......^...,*
.....# #...................^*
.^...## #.^.................,*
......###.........^.........,*
####...###..................**
##....##..)...*.........#*
###........L@L..†.....#*
#▓▓▓▓▓▓▓▓▓▓▓##.....▓▓
****,,.)....§W.....▓*
***,,,,,......LW......▓*
**,,,,,,,.......1.......** ***
*,,,,,,,,......§...[^...,*
,,***,,,,,,,,...............,*
,,,**,,,,,,,,...............**
,,,,*,,,,,,,,..!...........▓*


You could see an orb of fire and 2 ancient liches.

Vanquished Creatures
  Tiamat (Zot:1)
  2 ancient liches (Zot:5)
  An orb of fire (Zot:5)
  A juggernaut (Depths:5)
  Sojobo (Depths:1)
  Boris (Depths:5)
  Xtahua (Vaults:3)
  3 caustic shrikes (Depths:5)
  4 golden dragons
  A bone dragon (Depths:5)
  5 tentacled monstrosities
  8 Orb Guardians (Zot:5)
  Jorgrun (D:13)
  2 titans
  3 shadow dragons
  2 sphinxes
  2 tengu reavers
  A thorn hunter (Swamp:4)
  3 storm dragons (Zot:4)
  A deep elf sorcerer (Vaults:2)
  A draconian knight (Zot:1)
  2 fire giants (Depths:5)
  5 frost giants
  Aizul (Depths:1)
  4 emperor scorpions (Spider:4)
  5 vault wardens
  A deep elf elementalist (Depths:5)
  A draconian scorcher (Zot:1)
  8 ironheart preservers
  2 spriggan defenders (Depths:5)
  4 draconian shifters (Zot:1)
  6 green draconians
  9 stone giants
  2 black draconians (Zot:1)
  An entropy weaver (Spider:2)
  A white draconian (Zot:1)
  A minotaur (Gauntlet)
  3 yellow draconians
  A purple draconian (Zot:1)
  3 red draconians
  5 ettins
  3 spark wasps (Spider:4)
  6 yaktaur captains
  6 fire dragons
  A great orb of eyes (Depths:2)
  4 ogre magi
  3 ice dragons
  Harold (D:7)
  9 hydras
  5 vault guards
  2 rakshasas
  A catoblepas (Lair:3)
  A ghost crab (Swamp:4)
  3 spriggan air magi
  A shambling mangrove (Swamp:1)
  Erica (D:9)
  9 centaur warriors
  20 two-headed ogres
  3 deep troll shamans
  12 death yaks
  4 alligators
  A deep troll earth mage (Depths:2)
  8 death scarabs (Spider:4)
  2 vampire magi
  A hell knight (Vaults:3)
  4 spriggan berserkers
  A deep elf knight (Vaults:2)
  A fire crab (Gauntlet)
  Sonja (Lair:3)
  A spectral emperor scorpion (Spider:4)
  A golden dragon zombie (Depths:1)
  10 skeletal warriors
  A shadow wraith (Vaults:2)
  An iron troll (Depths:2)
  An unseen horror (shapeshifter) (Vaults:2)
  11 deep trolls
  3 unseen horrors
  8 swamp dragons (Swamp:4)
  2 deep elf archers (Vaults:2)
  2 flayed ghosts
  9 harpies
  Pikel (D:7)
  10 orb spiders
  4 wizards
  5 ironbrand convokers
  4 spectral wolf spiders (Spider:4)
  2 lindwurms (Swamp:4)
  24 ugly things
  2 orc knights
  14 wolf spiders
  2 necromancers
  A fire giant zombie (D:15)
  3 wolf spider zombies
  3 deep elf magi (Vaults:2)
  2 cyclopes
  3 manticores
  8 moths of wrath
  3 black mambas
  5 vault sentinels
  An apocalypse crab (Gauntlet)
  3 molten gargoyles
  2 torpor snails
  A fire giant skeleton (Depths:1)
  6 centaur skeletons
  2 gargoyles
  2 guardian serpents (shapeshifter)
  6 spiny frogs
  6 komodo dragons
  2 elf zombies (D:15)
  19 yaktaurs
  4 spectral redbacks (Spider:4)
  6 demonic crawlers
  3 freezing wraiths
  2 redback zombies (Spider:4)
  6 meliai
  A polar bear (Lair:2)
  A queen bee (Lair:3)
  7 trolls
  A troll (shapeshifter) (D:14)
  3 spectral tarantellas (Spider:4)
  2 bog bodies (Swamp:4)
  25 jumping spiders
  2 spectral jumping spiders (Spider:4)
  5 hippogriffs
  A slime creature (shapeshifter) (Vaults:2)
  2 jumping spider zombies (Spider:4)
  15 hornets
  An ice dragon zombie (Depths:1)
  7 blink frogs
  A hippogriff (shapeshifter) (Vaults:2)
  5 slime creatures (Swamp:1)
  4 tarantella zombies (Spider:4)
  A spriggan zombie (D:15)
  Sigmund (D:3)
  53 redbacks
  A shadow (D:14)
  4 spriggans
  22 tarantellas
  5 wyverns
  4 basilisks
  A wyvern (shapeshifter) (Vaults:2)
  A vampire (D:12)
  A wraith (D:12)
  5 fire bats
  32 yaks
  9 vampire mosquitoes
  3 steam dragons
  A yaktaur simulacrum (Depths:1)
  2 hungry ghosts
  3 swamp worms
  Edmund (D:4)
  A soldier ant (D:12)
  Duvessa (D:5)
  6 insubstantial wisps (Swamp:2)
  An acid dragon (D:12)
  3 porcupines
  2 hornet zombies
  10 orc warriors
  8 water moccasins
  A spectral hornet (Spider:4)
  5 ice beasts
  9 swamp drakes
  3 phantoms
  2 black bears (D:8)
  A necrophage (D:14)
  2 boggarts (Vaults:3)
  8 ogres
  An eye of draining (D:12)
  3 wolves (Lair:3)
  16 centaurs
  4 crocodiles
  8 bullfrogs
  A wyvern zombie (D:13)
  Dowan (D:5)
  A water moccasin zombie (D:6)
  A wyvern skeleton (D:13)
  5 scorpions
  19 killer bees
  13 wights
  A howler monkey (D:8)
  An electric eel (D:14)
  A bullfrog zombie (D:13)
  9 crimson imps
  4 centaur zombies
  7 hounds
  3 jellies
  7 lava snakes
  A quasit (D:10)
  An iron imp (Depths:1)
  7 orc wizards
  8 orc priests
  A bullfrog skeleton (D:9)
  A gnoll shaman (D:5)
  3 iguanas
  17 worker ants
  A hound skeleton (D:8)
  5 gnolls
  A howler monkey skeleton (D:8)
  4 adders
  6 shadow imps
  An ooze (D:1)
  An adder zombie (D:6)
  2 adder skeletons
  2 worms
  5 leopard geckos
  45 orcs
  4 giant cockroaches
  3 goblins
  5 hobgoblins
  13 jackals
  5 quokkas
  7 bats
  3 frilled lizards
  A jackal skeleton (D:6)
  A jackal zombie (D:7)
  A kobold (D:2)
  A leopard gecko skeleton (D:8)
  A leopard gecko zombie (D:9)
  A quokka skeleton (D:6)
  A quokka zombie (D:6)
  6 rats
  2 briar patches (Swamp:4)
  2 fungi
  2 plants (Lair:4)
1014 creatures vanquished.

Vanquished Creatures (collateral kills)
  A shadow dragon (Zot:2)
  A ghost moth (Spider:4)
  An ettin (D:13)
  2 hydras
  A centaur warrior (D:13)
  A cyclops (D:13)
  A spiny frog (Lair:2)
  2 centaurs (D:13)
10 creatures vanquished.

Vanquished Creatures (others)
  A Killer Klown (Zot:5)
  A death cob (Zot:4)
  A shadow dragon (Zot:1)
  A tengu reaver (Depths:1)
  A storm dragon (Zot:4)
  A draconian knight (Zot:1)
  A draconian scorcher (Zot:4)
  A draconian stormcaller (Zot:4)
  A purple draconian (Zot:4)
  3 red draconians (Zot:4)
  A yellow draconian (Zot:4)
  A hydra (Swamp:4)
  A necromancer (Depths:1)
  An ugly thing (Vaults:2)
  4 swamp drakes (Swamp:4)
  An ogre (Depths:1)
  A shadow imp (D:7)
  4 briar patches (Swamp:4)
  A demonic plant (Gauntlet)
  A fungus (Lair:2)
  A withered plant (D:15)
29 creatures vanquished.

Grand Total: 1053 creatures vanquished

Notes
Turn   | Place    | Note
-------+----------+-------------------------------------------
     0 | D:1      | Flugkiller the Deep Dwarf Fighter began the quest for the
                  | Orb.
     0 | D:1      | Reached XP level 1. HP: 20/20 MP: 1/1
    67 | D:1      | Reached XP level 2. HP: 27/27 MP: 2/2
   173 | D:2      | Reached XP level 3. HP: 27/34 MP: 3/3
   435 | D:3      | Noticed Sigmund
   474 | D:3      | Killed Sigmund
   474 | D:3      | Reached XP level 4. HP: 24/44 MP: 4/4
   474 | D:3      | Reached XP level 5. HP: 27/50 MP: 5/5
   528 | D:4      | Noticed Edmund
   541 | D:4      | Killed Edmund
   541 | D:4      | Reached XP level 6. HP: 39/57 MP: 6/6
   744 | D:4      | Reached skill level 5 in Axes
   817 | D:4      | Noticed an ice beast
   822 | D:4      | Killed an ice beast
   822 | D:4      | Reached XP level 7. HP: 63/66 MP: 7/7
   916 | D:4      | Got a scorched scimitar
   917 | D:4      | Identified the cursed +1 scimitar "Bylaoh" {freeze, Int+3}
                  | (You found it on level 4 of the Dungeon)
  1141 | D:5      | Entered Level 5 of the Dungeon
  1186 | D:5      | Reached skill level 5 in Fighting
  1229 | D:5      | Reached skill level 5 in Armour
  1229 | D:5      | Reached skill level 5 in Shields
  1400 | D:5      | Noticed Duvessa
  1401 | D:5      | Noticed Dowan
  1414 | D:5      | Killed Duvessa
  1421 | D:5      | Killed Dowan
  1421 | D:5      | Reached XP level 8. HP: 41/75 MP: 8/8
  2181 | D:6      | Found a staircase to the Ecumenical Temple.
  2199 | Temple   | Entered the Ecumenical Temple
  2305 | Temple   | Became a worshipper of Makhleb the Destroyer
  2455 | D:6      | Found a basalt altar of Yredelemnul.
  2455 | D:6      | Found a shimmering altar of Xom.
  2456 | D:6      | Found a shadowy altar of Dithmenos.
  2541 | D:6      | Reached skill level 1 in Invocations
  2931 | D:7      | You fall into a shaft and drop 2 floors!
  2941 | D:8      | Noticed a two-headed ogre
  2959 | D:8      | Killed a two-headed ogre
  2959 | D:8      | Gained mutation: You passively map the area around you.
                  | [Deep Dwarf growth]
  2959 | D:8      | Reached XP level 9. HP: 51/86 MP: 4/6
  3123 | D:7      | Noticed Harold
  3155 | D:7      | Killed Harold
  3191 | D:7      | Reached * piety under Makhleb
  3264 | D:7      | Reached XP level 10. HP: 48/96 MP: 9/9
  3950 | D:7      | Noticed Pikel
  3958 | D:7      | Killed Pikel
  4105 | D:8      | Reached skill level 5 in Invocations
  4211 | D:8      | Noticed Prince Ribbit
  4267 | D:8      | Noticed a two-headed ogre
  4274 | D:8      | Killed a two-headed ogre
  4274 | D:8      | Reached skill level 10 in Axes
  4356 | D:8      | Found a radiant altar of Vehumet.
  4366 | D:8      | Reached ** piety under Makhleb
  5102 | D:9      | Reached XP level 11. HP: 92/106 MP: 10/10
  5187 | D:9      | Reached *** piety under Makhleb
  5199 | D:9      | Found Oryegg's Gadget Shoppe.
  5214 | D:9      | Noticed Erica
  5225 | D:9      | Killed Erica
  5540 | D:10     | Entered Level 10 of the Dungeon
  5600 | D:10     | Paralysed by a hornet for 3 turns
  5714 | D:10     | Found a staircase to the Orcish Mines.
  6061 | D:11     | Killed an unseen horror
  6068 | D:11     | Identified a scroll of acquirement
  6198 | D:11     | Found a gate leading to a gauntlet.
  6211 | Gauntlet | Entered a Gauntlet
  6211 | Gauntlet | Found a transporter.
  6219 | Gauntlet | Noticed a death scarab
  6221 | Gauntlet | Found a transporter.
  6236 | Gauntlet | Found a transporter.
  6241 | Gauntlet | Found a transporter.
  6255 | Gauntlet | Noticed an orange crystal statue
  6256 | Gauntlet | Found a transporter.
  6275 | Gauntlet | Found a transporter.
  6275 | Gauntlet | Noticed a wretched star
  6287 | Gauntlet | Found a transporter.
  6293 | Gauntlet | Noticed a death scarab
  6295 | Gauntlet | Found a transporter.
  6295 | Gauntlet | Found a transporter.
  6308 | Gauntlet | Noticed a death scarab
  6312 | Gauntlet | Found a transporter.
  6318 | Gauntlet | Found a transporter.
  6333 | Gauntlet | Found a transporter.
  6339 | Gauntlet | Found a transporter.
  6354 | Gauntlet | Found a transporter.
  6371 | Gauntlet | Found a transporter.
  6391 | Gauntlet | Found a transporter.
  6418 | Gauntlet | Found a transporter.
  6418 | Gauntlet | Found a transporter.
  6440 | Gauntlet | Noticed a fire crab
  6506 | Gauntlet | Killed a fire crab
  6566 | Gauntlet | Reached skill level 10 in Fighting
  6572 | Gauntlet | Got a pair of distressingly furry gloves
  6610 | Gauntlet | Got a slimy marble ring
  6623 | Gauntlet | Identified the +5 long sword of Deblix {vorpal, MR+}
  6623 | Gauntlet | Noticed a minotaur
  6634 | Gauntlet | Killed a minotaur
  6634 | Gauntlet | Reached **** piety under Makhleb
  6658 | D:11     | Identified the +2 pair of gloves of Timoci {Regen+ rCorr}
                  | (You found it in a Gauntlet)
  6660 | D:11     | Identified the ring "Cularph" {rPois Dex+6} (You found it
                  | in a Gauntlet)
  6687 | D:11     | Found a staircase to the Lair.
  6982 | D:12     | Reached XP level 12. HP: 116/116 MP: 9/9
  7146 | D:12     | Noticed a two-headed ogre
  7156 | D:12     | Killed a two-headed ogre
  7274 | D:12     | Noticed a two-headed ogre
  7283 | D:12     | Killed a two-headed ogre
  7522 | D:13     | Reached ***** piety under Makhleb
  7658 | D:13     | Noticed an ettin
  7690 | D:13     | Killed an ettin
  7731 | D:13     | Found a burning altar of Makhleb.
  7733 | D:13     | Noticed Jorgrun
  7763 | D:13     | Killed Jorgrun
  7763 | D:13     | Reached skill level 10 in Armour
  7768 | D:13     | Reached skill level 10 in Shields
  7854 | D:13     | Reached XP level 13. HP: 125/127 MP: 8/8
  8380 | D:13     | Found a gate to the Vaults.
  8502 | D:14     | Reached skill level 10 in Invocations
  8700 | D:14     | Noticed a lich
  8700 | D:14     | Noticed Uqorphet's ghost (journeyman DECj)
  8700 | D:14     | Noticed a sphinx
  8701 | D:14     | Noticed an ettin
  9247 | D:14     | Found a runed translucent door.
  9294 | D:14     | Found a runed translucent door.
  9469 | D:15     | Entered Level 15 of the Dungeon
  9557 | D:15     | Found a staircase to the Depths.
  9665 | D:15     | Gained mutation: You resist negative energy. (rN+) [Deep
                  | Dwarf growth]
  9665 | D:15     | Reached XP level 14. HP: 132/139 MP: 10/10
 10339 | Lair:1   | Entered Level 1 of the Lair of Beasts
 11334 | Lair:3   | Reached skill level 1 in Dodging
 11350 | Lair:3   | Reached skill level 15 in Axes
 11519 | Lair:3   | Noticed Sonja
 11526 | Lair:3   | Killed Sonja
 11737 | Lair:3   | Reached ****** piety under Makhleb
 12291 | Lair:4   | Found a dark tunnel.
 12320 | Volcano  | Entered a volcano
 12574 | Volcano  | Found a bloodstained altar of Trog.
 12831 | Lair:4   | Found a staircase to the Swamp.
 12962 | Lair:4   | Found a hole to the Spider Nest.
 13123 | Swamp:1  | Entered Level 1 of the Swamp
 13140 | Swamp:1  | Reached XP level 15. HP: 94/148 MP: 9/9
 13282 | Swamp:4  | Entered Level 4 of the Swamp
 13282 | Swamp:4  | Noticed a thorn hunter
 13301 | Swamp:4  | Killed a thorn hunter
 13493 | Swamp:4  | Got a decaying rune of Zot
 13571 | Spider:1 | Entered Level 1 of the Spider Nest
 13740 | Spider:1 | Reached skill level 5 in Dodging
 13870 | Spider:2 | Got a fine silver ring
 13872 | Spider:2 | Identified the ring of the Middle {rF+ rC+ rN+ MR+ Slay-2}
                  | (You found it on level 2 of the Spider Nest)
 13973 | Spider:2 | Reached XP level 16. HP: 151/159 MP: 11/11
 14250 | Spider:4 | Entered Level 4 of the Spider Nest
 15207 | Spider:4 | Got a gossamer rune of Zot
 15631 | Vaults:1 | Entered Level 1 of the Vaults
 15820 | Vaults:1 | Reached skill level 15 in Fighting
 15864 | Vaults:2 | Reached XP level 17. HP: 170/170 MP: 12/12
 16679 | Vaults:3 | Noticed Xtahua
 16710 | Vaults:3 | Killed Xtahua
 16936 | Vaults:4 | Gained mutation: You passively map a large area around you.
                  | [Deep Dwarf growth]
 16936 | Vaults:4 | Reached XP level 18. HP: 181/181 MP: 13/13
 16959 | Vaults:4 | Found Yrphoyttoc's Magic Scroll Shoppe.
 16968 | Vaults:4 | Bought a scroll of magic mapping for 77 gold pieces
 17021 | Vaults:4 | Reached skill level 15 in Invocations
 17048 | Vaults:5 | Entered Level 5 of the Vaults
 17138 | Vaults:5 | Got the +0 pair of boots "Litiadgh" {rPois}
 17156 | Vaults:5 | Got a silver rune of Zot
 17247 | Vaults:4 | Identified the Reference Book on the Birds and the Voyage
 17531 | Depths:1 | Entered Level 1 of the Depths
 17633 | Depths:1 | Found a gateway to Hell.
 17671 | Depths:1 | Found Opheotir's General Store.
 17688 | Depths:1 | Noticed Aizul
 17690 | Depths:1 | Noticed Sojobo
 17709 | Depths:1 | Killed Aizul
 17751 | Depths:1 | Killed Sojobo
 17788 | Depths:1 | Found a flickering gateway to a bazaar.
 17797 | Bazaar   | Entered a bazaar
 17800 | Bazaar   | Found Tonut's Armour Boutique.
 17804 | Bazaar   | Found Cemnoirr's Food Boutique.
 17804 | Bazaar   | Found Diluon's Antique Armour Boutique.
 17805 | Bazaar   | Found Xif Fepp's Jewellery Boutique.
 17828 | Bazaar   | Bought a glowing helmet for 157 gold pieces
 18235 | Depths:2 | Found Utaocouv's Jewellery Boutique.
 18235 | Depths:2 | Found Ethimn's Gadget Emporium.
 18237 | Depths:2 | Found Xuakh's Gadget Emporium.
 18244 | Depths:2 | Bought the ring "Zaoh" {*Drain AC+4 Str-2 Int+8 Dex+10} for
                  | 1065 gold pieces
 18375 | Depths:5 | Entered Level 5 of the Depths
 18382 | Depths:5 | Noticed a juggernaut
 18412 | Depths:5 | Killed a juggernaut
 18412 | Depths:5 | Reached XP level 19. HP: 127/193 MP: 13/13
 18443 | Depths:5 | Noticed a caustic shrike
 18444 | Depths:5 | Noticed a caustic shrike
 18444 | Depths:5 | Noticed a caustic shrike
 18471 | Depths:5 | Killed a caustic shrike
 18471 | Depths:5 | Reached skill level 15 in Armour
 18471 | Depths:5 | Reached skill level 15 in Shields
 18472 | Depths:5 | Killed a caustic shrike
 18483 | Depths:5 | Killed a caustic shrike
 18560 | Depths:5 | Identified the cursed +0 fustibalus "Xutaxze" {venom,
                  | Fragile Str+5 Int+4 Stlth+}
 18581 | Depths:5 | Noticed Boris
 18622 | Depths:5 | Killed Boris
 18699 | Depths:5 | Reached skill level 10 in Dodging
 18737 | Depths:5 | Found a gate to the Realm of Zot.
 18737 | Depths:5 | Noticed a bone dragon
 18737 | Depths:5 | Noticed a golden dragon
 18764 | Depths:5 | Killed a golden dragon
 18782 | Depths:5 | Killed a bone dragon
 18788 | Zot:1    | Entered Level 1 of the Realm of Zot
 18789 | Zot:1    | Identified the +4 dragonskin cloak
 18789 | Zot:1    | Noticed Tiamat
 18816 | Zot:1    | Noticed a golden dragon
 18842 | Zot:1    | Killed a golden dragon
 18893 | Zot:1    | Reached XP level 20. HP: 168/205 MP: 12/12
 18934 | Zot:1    | Killed Tiamat
 18978 | Zot:2    | Noticed a golden dragon
 19000 | Zot:2    | Killed a golden dragon
 19097 | Zot:3    | Noticed a golden dragon
 19117 | Zot:3    | Killed a golden dragon
 19184 | Zot:5    | Entered Level 5 of the Realm of Zot
 19309 | Zot:5    | Noticed an orb of fire
 19311 | Zot:5    | Noticed an ancient lich
 19311 | Zot:5    | Noticed an ancient lich
 19311 | Zot:5    | Gained mutation: You are clumsy. (Dex -2) [an orb of fire]
 19312 | Zot:5    | Noticed a Killer Klown
 19313 | Zot:5    | Noticed an ancient lich
 19314 | Zot:5    | Noticed an orb of fire
 19314 | Zot:5    | Noticed an ancient lich
 19319 | Zot:5    | Gained mutation: You are frail. (-10% HP) [an orb of fire]
 19325 | Zot:5    | Gained mutation: You are very frail. (-20% HP) [an orb of
                  | fire]
 19327 | Zot:5    | Gained mutation: You are dopey. (Int -2) [an orb of fire]
 19344 | Zot:5    | Gained mutation: Your spells are a little easier to cast,
                  | but a little less powerful. [an orb of fire]
 19353 | Zot:5    | Gained mutation: Armour fits poorly on your strangely
                  | shaped body. [an orb of fire]
 19357 | Zot:5    | Killed a Killer Klown
 19357 | Zot:5    | Gained mutation: You are weak. (Str -2) [an orb of fire]
 19359 | Zot:5    | Gained mutation: You are very dopey. (Int -4) [an orb of
                  | fire]
 19363 | Zot:5    | Gained mutation: Your magical capacity is low. (-10% MP)
                  | [an orb of fire]
 19365 | Zot:5    | Gained mutation: Your magical capacity is very low. (-20%
                  | MP) [an orb of fire]
 19365 | Zot:5    | Gained mutation: You are extremely frail. (-30% HP) [an orb
                  | of fire]
 19367 | Zot:5    | Gained mutation: Your spells are easier to cast, but less
                  | powerful. [an orb of fire]
 19369 | Zot:5    | Gained mutation: You are very weak. (Str -4) [an orb of
                  | fire]
 19381 | Zot:5    | Killed an ancient lich
 19383 | Zot:5    | Gained mutation: Scrolls take you a little longer to read.
                  | [an orb of fire]
 19386 | Zot:5    | Gained mutation: You are very clumsy. (Dex -4) [an orb of
                  | fire]
 19387 | Zot:5    | Killed an orb of fire
 19395 | Zot:5    | Gained mutation: Your magical capacity is extremely low.
                  | (-30% MP) [an orb of fire]
 19399 | Zot:5    | Killed an ancient lich
 19417 | Zot:5    | Killed from afar by an orb of fire

Illustrated notes

Levels and vault maps discovered:
D:1:      eino_arrival_druids_welcome, layout_rooms, minmay_misc_feat_iff
D:2:      layout_loops_cross, chequers_ecumenical_altar_simple
D:3:      layout_basic, first_ration, kennysheep_pointless_box, minmay_between,
          uniq_sigmund
D:4:      layout_basic, minmay_fractal_squares_5, uniq_edmund
D:5:      layout_basic, uniq_duvessa
D:6:      layout_basic, gammafunk_temple_overflow_claw,
          minmay_temple_entry_mini_moons
D:7:      layout_basic, uniq_pikel, uniq_harold
D:8:      layout_basic, overflow_temple_1_default, special_room
          [special_room_orc], uniq_prince_ribbit1
D:9:      layout_long_grid, serial_rivers, chequers_serial_rivers_small_3,
          chequers_serial_rivers_micro_a, chequers_serial_rivers_micro_d,
          chequers_serial_rivers_micro_b, serial_shops, shop, uniq_erica
D:10:     layout_roguey, orc_0_dummy
D:11:     minmay_the_grid_octo_tiled_squarecenter [minmay_the_grid_octo_empty,
          minmay_the_grid_octo_horde, minmay_the_grid_octo_vomiting_pacman,
          minmay_the_grid_octo_checkerflower,
          minmay_the_grid_square_5x5_megaprize_open,
          minmay_the_grid_square_5x5_six_small,
          minmay_the_grid_square_5x5_two_walls_a,
          minmay_the_grid_square_5x5_shuriken,
          minmay_the_grid_square_5x5_inverted_slash], layout_stronghold,
          enter_trove_3, gauntlet_entry_generic, the_bakery, wad_rectangle_vault
D:12:     layout_roguey, minmay_rotating_lava
D:13:     cheibrodos_magma_flow, layout_irregular_city, david_vaults_4,
          serial_column_ruins, column_ruins_circle_medium,
          column_ruins_temple_circle, column_ruins_open_medium,
          column_ruins_columns_T, column_ruins_open_small, uniq_jorgrun
D:14:     layout_rooms, muffindrake_ghost_dual_entry, nicolae_water_bricks,
          minmay_large_rounded_square
D:15:     gammafunk_depths_entry_grave, layout_small_grid, glass_columns_a,
          palyth_stone_intersect, drop_trap, chequers_serial_rivers_room_a
Temple:   compressed_dpeg_circular_temple
Lair:1:   layout_small_grid, serial_rivers, chequers_serial_rivers_micro_e,
          chequers_serial_rivers_room_b, chequers_serial_rivers_large_a,
          chequers_serial_rivers_micro_e, ebering_ghost_inner_flame, uniq_maggie
Lair:2:   layout_cave_pods
Lair:3:   layout_small_grid, special_room [special_room_bee], uniq_sonja
Lair:4:   layout_long_grid, swamp_mist, nicolae_spider_entry_non_spiders,
          nicolae_volcano_entry_lava_flow
Swamp:1:  layout_falls_marsh, lemuel_altar_in_water,
          nicolae_swamp_alligator_family
Swamp:2:  layout_basic_swamp, hangedman_swamp_diagram, infiniplex_staircase_pool
Swamp:3:  layout_basic_swamp, nicolae_swamp_godswood
Swamp:4:  swamp_fiery, layout_basic_swamp
Spider:1: layout_spider_delve, zaba_anthell
Spider:2: layout_spider_delve
Spider:3: layout_spider_delve, nicolae_spider_webbed_stairs
Spider:4: floodkiller_spider_rune_tomb
Vaults:1: vaults_room_mumra_shop_pool, ontoclasm_vaults_twist, vaults_room_pool,
          v_misc_5, layout_vaults_omnigrid, basic_altar
Vaults:2: hangedman_vaults_trim, hangedman_vaults_stitches, v_misc_29,
          vaults_room_fours, vaults_room_semicircle, v_misc_30, v_misc_13,
          v_misc_31, dpeg_vaults_waves, minmay_crypt_entry_simple_sparse,
          layout_vaults_big_cross
Vaults:3: v_alt_pattern_5, nicolae_vaults_minivaults, hangedman_vaults_impose,
          v_misc_26, vaults_room_hallway, vaults_standard_mumra_x,
          hangedman_vaults_locks, ontoclasm_vaults_spin,
          vaults_room_stairs_pillars, nicolae_vaults_specimen_jars, v_rooms_3,
          v_misc_8, ontoclasm_vaults_decontamination, layout_vaults_ring,
          uniq_xtahua, uniq_mara
Vaults:4: vaults_mumra_hexcomb, nicolae_vaults_little_ls,
          hangedman_vaults_impose, v_misc_9, nicolae_vaults_hallways_thing,
          vaults_room_grunt_arrival_checkpoint, nicolae_vaults_ninety_degrees,
          hangedman_vaults_trim, vaults_room_boxed, layout_vaults_maze_bifur,
          serial_shops, shop, nicolae_shop_behind_doors, shop
Vaults:5: serial_shops
Depths:1: layout_honeycomb, minmay_misc_feat_secret_circle, serial_shops,
          bzr_entry_islet, kennysheep_mini_moat, shop, shop,
          nicolae_shop_overgrown_old_shop, grunt_hell_entry_dis_grunt,
          ebering_ghost_inner_flame, minmay_misc_feat_chi,
          kennysheep_generic_room_9, uniq_nikola, uniq_aizul, uniq_sojobo
Depths:2: hourglass_vault, layout_cave_shapes, mu_enter_wizlab_2,
          rand_demon_pan_entry_8, hell_entry, chequers_serial_rivers_micro_a,
          infiniplex_staircase_pool_1, minmay_shop_grove
Depths:3: evilmike_library_of_no_secrets, layout_gridlike,
          grunt_pan_entry_in_and_out, kennysheep_small_spiral, hell_entry,
          tso_metal_star, uniq_jory
Depths:4: minmay_five_octagons, layout_gridlike, hell_entry, serial_shops,
          nicolae_shop_trees, abyss_entry, serial_bayou_ford_a,
          serial_bayou_pond_b
Depths:5: grunt_x_marks_the_spot, layout_cave_shapes, enter_ziggurat_b,
          rand_demon_pan_entry_3, serial_sigils, serial_sigils_hangedman_gut,
          serial_sigils_hangedman_quiver, serial_sigils_hangedman_clutch,
          serial_sigils_hangedman_gnaw, hell_entry, uniq_boris
Zot:1:    layout_onion_interference, gammafunk_ghost_crypt, uniq_tiamat
Zot:2:    layout_gridlike
Zot:3:    layout_twisted_circle, ebering_ghost_inner_flame
Zot:4:    layout_misc_corridors, nrook_zot_tub, grunt_megastairs_3
Zot:5:    layout_misc_corridors

Skill      XL: |  1  2  3  4  5  6  7  8  9 10 11 12 13 14 15 16 17 18 19 20 |
---------------+-------------------------------------------------------------+-----
Fighting       | 3 4 5 7 9 10 11 12 13 14 15 16 17 18 | 18.9
Axes           | 4 5 6 8 9 10 11 13 14 15 16 17 18 | 18.0
Armour         | 4 5 6 7 8 9 10 11 12 13 14 15 16 | 16.5
Shields        | 4 5 6 7 8 9 10 11 12 13 14 15 | 15.0
Invocations    | 2 4 6 8 9 10 11 12 13 14 15 16 17 | 17.7
Dodging        | 3 5 7 8 9 10 12 | 12.0

Action                   |  1- 3 |  4- 6 |  7- 9 | 10-12 | 13-15 | 16-18 | 19-21 || total
-------------------------+-------+-------+-------+-------+-------+-------+-------++-------
Melee: War axe           |   113 |    63 |   313 |   314 |       |       |       ||   803
       Broad axe         |       |       |       |   316 |  1116 |  1266 |   514 ||  3212
Invok: Lesser Servant of |       |       |       |     5 |     7 |       |     2 ||    14
       Greater Servant o |       |       |       |       |       |     1 |     8 ||     9
 Abil: Heal Wounds       |     1 |     2 |    16 |    28 |    21 |    14 |    44 ||   126
Evoke: Wand              |       |       |       |       |     4 |       |     4 ||     8
  Use: Potion            |     1 |       |       |       |     3 |     9 |    13 ||    26
       Scroll            |       |       |     7 |    11 |    18 |     9 |     7 ||    52
 Stab: Distracted        |       |       |       |     1 |     1 |     1 |     7 ||    10
       Invisible         |       |       |       |       |       |    13 |    36 ||    49
  Eat: Chunk             |       |       |     5 |    11 |    11 |    11 |     2 ||    40
       Ration            |       |       |     1 |     2 |     3 |     2 |       ||     8
Armor: Scale mail        |    16 |       |       |       |       |       |       ||    16
       Plate armour      |    76 |    40 |   149 |   325 |   822 |   852 |   334 ||  2598
Dodge: Dodged            |    19 |    16 |    69 |   127 |   387 |   558 |   257 ||  1433
Block: Kite shield       |    70 |    32 |   164 |   389 |   936 |  1021 |   409 ||  3021
